 Dungeon Crawl Stone Soup version 0.28.0 (webtiles) character file.

Game seed: 13140915498257443800

30 Buxparty the Quickloader (level 3, -2/25 HPs)
             Began as a Gnoll Wanderer on Feb 5, 2022.
             Slain by a hobgoblin (6 damage)
             ... led by Robin
             ... on level 1 of the Dungeon.
             The game lasted 00:02:33 (822 turns).

Buxparty the Quickloader (Gnoll Wanderer)            Turns: 822, Time: 00:02:33

Health: -2/25      AC:  2    Str: 12    XL:     3   Next: 20%
Magic:  9/9        EV: 11    Int: 12    God:
Gold:   51         SH:  0    Dex: 11    Spells: 11/12 levels left

rFire   . . .      SeeInvis .   a - +2 hand crossbow
rCold   . . .      Faith    .   (no shield)
rNeg    . . .      Spirit   .   d - +0 robe
rPois   .          Reflect  .   (no helmet)
rElec   .          Harm     .   (no cloak)
rCorr   .          Rampage  .   (no gloves)
Will    .....                   (no boots)
Stlth   +.........              (no amulet)
HPRegen 0.08/turn               (no ring)
MPRegen 0.11/turn               (no ring)

@: no status effects
A: fangs 1, strong nose, distributed training
a: no special abilities


You were on level 1 of the Dungeon.
You visited 1 branch of the dungeon, and saw 2 of its levels.

You collected 51 gold pieces.

Inventory:

Hand Weapons
 a - a +2 hand crossbow (weapon)
Missiles
 b - 26 bolts (quivered ammo)
 j - 16 sling bullets
Armour
 d - a +0 robe (worn)
Scrolls
 e - 2 scrolls of identify {unknown}
 f - a scroll of enchant weapon {unknown}
 g - a scroll of amnesia {unknown}
Potions
 h - a potion of ambrosia {unknown}
 i - a potion of magic {unknown}
Miscellaneous
 c - a piece from Xom's chessboard (15/15)


   Skills:
 + Level 0.6 Fighting
 + Level 0.6 Short Blades
 + Level 0.6 Long Blades
 + Level 0.6 Axes
 + Level 0.6 Maces & Flails
 + Level 0.6 Polearms
 + Level 0.6 Staves
 + Level 0.6 Slings
 + Level 0.6 Bows
 + Level 10.4 Crossbows
 + Level 0.6 Throwing
 + Level 0.6 Armour
 + Level 0.6 Dodging
 + Level 0.6 Stealth
 + Level 0.6 Shields
 + Level 0.6 Unarmed Combat
 + Level 5.0 Spellcasting
 + Level 0.4 Conjurations
 + Level 0.4 Hexes
 + Level 0.4 Summonings
 + Level 0.4 Necromancy
 + Level 0.4 Translocations
 + Level 2.1 Transmutations
 + Level 0.4 Fire Magic
 + Level 0.4 Ice Magic
 + Level 0.4 Air Magic
 + Level 0.4 Earth Magic
 + Level 0.4 Poison Magic
 + Level 0.8 Invocations
 + Level 4.5 Evocations


You had 11 spell levels left.
You knew the following spells:

 Your Spells              Type           Power      Damage    Failure   Level
a - Sting                 Tmut/Pois      24%        1d4       12%         1

Your spell library contained the following spells:

 Spells                   Type           Power      Damage    Failure   Level
 Wereblood                Tmut           8%         N/A       13%         2
 Sublimation of Blood     Necr           4%         N/A       26%         2
 Ignite Poison            Fire/Tmut/Pois 5%         N/A       36%         3
 Summon Hydra             Summ           2%         N/A       100%        7


Dungeon Overview and Level Annotations

Branches:
Dungeon (2/15)

Altars:

Annotations:
D:2 Robin


Innate Abilities, Weirdness & Mutations

You have very sharp teeth.
Your uncanny sense of smell can sniff out nearby items.
Your experience applies equally to all skills.


Message History

Moving in this stuff is going to be slow.
Done exploring.
Done exploring.
(D) Dungeon
Where to? (? - help)
You enter the shallow water.
Moving in this stuff is going to be slow.
There is a stone staircase leading down here.
You climb downwards.
The goblin shouts!
The hobgoblin shouts!
The goblin shouts!
The hobgoblin shouts!
The goblin shouts!
The hobgoblin shouts! x2
The goblin shouts!
The ball python hisses angrily.
Robin shouts!
You hear a shout! x2
Found 26 stones.
There is a stone staircase leading up here.
There are monsters nearby!
Robin roars a battlecry!
The goblins go into a battle-frenzy!
The hobgoblin barely misses you. x2; The hobgoblin hits you.
You climb upwards.
There is a stone staircase leading down here.
You shoot a bolt.
The bolt completely misses the hobgoblin.
The hobgoblin hits you. x2; The hobgoblin barely misses you.
You shoot a bolt. The bolt barely misses the hobgoblin.
The hobgoblin hits you. x2
* * * LOW HITPOINT WARNING * * *
The hobgoblin hits you.
* * * LOW HITPOINT WARNING * * *
You are too injured to fight recklessly!
You are too injured to fight recklessly!
You are too injured to fight recklessly!
The hobgoblin closely misses you.
Fire: 27 bolts
Press: ? - help, Q - select action, (/) - cycle Shift-Dir - straight line, f/p - hobgoblin
Aim: a hobgoblin (strong, 67% to hit)
You shoot a bolt. The bolt barely misses the hobgoblin.
The bolt hits the hobgoblin!
You kill the hobgoblin!
The hobgoblin hits you.
You die...

#.#####≈PP...# #.#
#PP≈##.# #.###
#≈≈P##.# ###...#
#.##PP≈#
#.....###.##≈≈P#
#.#.........P≈≈#
##.##.###########
#.....# ##@#####
#.g#
###############g##
.......(......>.#
########.......###
......##.....)...#
.####.##.......#.#
.# #.##.......#.#
.# #.##.......#.#


You could see 2 hobgoblins.

Vanquished Creatures
  3 dart slugs (D:1)
  3 bats (D:1)
  3 hobgoblins (D:1)
  2 jackals (D:1)
  2 quokkas (D:1)
  2 ball pythons (D:1)
  2 frilled lizards (D:1)
  4 kobolds (D:1)
  5 rats (D:1)
26 creatures vanquished.

Notes
Turn   | Place    | Note
-------+----------+-------------------------------------------
     0 | D:1      | Reached skill level 10 in Crossbows
     0 | D:1      | Buxparty the Gnoll Wanderer began the quest for the Orb.
     0 | D:1      | Buxparty set off with the following items: a +2 hand
                  | crossbow, 26 bolts, a piece from Xom's chessboard (15/15),
                  | a +0 robe; and the following spell memorised: Sting; and
                  | the following spells available to memorise: Ignite Poison
     0 | D:1      | Reached XP level 1. HP: 13/13 MP: 6/6
   202 | D:1      | Reached XP level 2. HP: 19/19 MP: 7/7
   547 | D:1      | Reached XP level 3. HP: 25/25 MP: 9/9
   584 | D:1      | Reached skill level 5 in Spellcasting
   814 | D:2      | Noticed Robin
   822 | D:1      | Slain by a hobgoblin

Illustrated notes

Levels and vault maps discovered:
D:1:      psy_arrival_conway, layout_basic, hangedman_decor_slide_cut
D:2:      layout_basic, uniq_robin

Skill      XL: |  1  2  3 |
---------------+----------+-----
Crossbows      | | 10.4
Transmutations | 2 |  2.1
Spellcasting   | 5 |  5.0
Fighting       | |  0.6
Short Blades   | |  0.6
Long Blades    | |  0.6
Axes           | |  0.6
Maces & Flails | |  0.6
Polearms       | |  0.6
Staves         | |  0.6
Slings         | |  0.6
Bows           | |  0.6
Throwing       | |  0.6
Armour         | |  0.6
Dodging        | |  0.6
Stealth        | |  0.6
Shields        | |  0.6
Unarmed Combat | |  0.6
Conjurations   | |  0.4
Hexes          | |  0.4
Summonings     | |  0.4
Necromancy     | |  0.4
Translocations | |  0.4
Fire Magic     | |  0.4
Ice Magic      | |  0.4
Air Magic      | |  0.4
Earth Magic    | |  0.4
Poison Magic   | |  0.4
Invocations    | |  0.8
Evocations     | |  4.5

Action                   || total
-------------------------++-------
 Fire: Hand crossbow     ||    57
Armor: Robe              ||     4
Dodge: Dodged            ||     7
